 Dungeon Crawl Stone Soup version 0.31-a0-662-g684573625c (webtiles) character file.

Game seed: 13347025626366837478

51 Maratek the Trooper (level 3, -1/29 HPs)
             Began as a Demonspawn Berserker on Sept 1, 2023.
             Was a Believer of Trog.
             Slain by Sigmund
             ... wielding a +2 heavy scythe
              (14 damage)
             ... on level 2 of the Dungeon.
             The game lasted 00:01:54 (1097 turns).

Maratek the Trooper (Demonspawn Berserker)          Turns: 1097, Time: 00:01:55

Health: -1/29      AC:  9    Str: 19    XL:     3   Next: 57%
Magic:  3/3        EV: 10    Int:  8    God:    Trog [**....]
Gold:   51         SH:  0    Dex: 12    Spells: 2/2 levels left

rFire   . . .        a - +0 hand axe
rCold   . . .        (no shield)
rNeg    . . .        g - +0 scale mail
rPois   .            (no helmet)
rElec   .            (no cloak)
rCorr   .            (no gloves)
SInv    .            (no boots)
Will    .....        (no amulet) Stlth
                     (no ring)
HPRegen 0.24/turn    (no ring)
MPRegen 0.08/turn

%: no passive effects
@: no status effects
A: yellow scales 2
a: Renounce Religion, Berserk, Trog's Hand


You were on level 2 of the Dungeon.
You worshipped Trog.
Trog was pleased with you.
You visited 1 branch of the dungeon, and saw 2 of its levels.

You collected 51 gold pieces.

Inventory:

Hand Weapons
 a - a +0 hand axe (weapon)
Armour
 g - a +0 scale mail (worn)
Scrolls
 b - a scroll of fog {unknown}
 c - 2 scrolls of immolation {unknown}
 e - a scroll of butterflies {unknown}
 f - a scroll of vulnerability {unknown}
 h - 2 scrolls of identify {unknown}
 i - a scroll of amnesia {unknown}
 l - a scroll of revelation {unknown}
Potions
 d - 2 potions of curing {unknown}
 j - a potion of cancellation {unknown}
 k - a potion of berserk rage {unknown}


   Skills:
 + Level 3.4 Fighting
 + Level 3.4 Axes
 + Level 2.2 Armour
 + Level 2.0 Dodging


You had 2 spell levels left.
You didn't know any spells.
Your spell library was empty.

Dungeon Overview and Level Annotations

Branches:
Dungeon (2/15)

Altars:

Annotations:
D:2 Sigmund


Innate Abilities, Weirdness & Mutations

You are mostly covered in yellow scales. (AC +3)


Message History

Found a stone staircase leading down.
The bat barely misses you.
You hit the quokka.
You kill the quokka!
Trog accepts your kill. The bat hits you but does no damage.
You hit the bat.
The bat is heavily wounded.
The bat hits you but does no damage. x2
You barely miss the bat.
The bat is heavily wounded.
The bat hits you but does no damage. x2
A dart slug comes into view.
You slash the bat!
You kill the bat!
Trog accepts your kill.
A ball python comes into view.
The ball python hisses angrily.
Sigmund gestures wildly while chanting.
Sigmund flickers and vanishes!
Deactivating autopickup; reactivate with Ctrl-A.
The dart slug launches a dart at you. The slug dart hits you.
You hear a shout!
You see here a bat corpse.
A goblin comes into view. It is wielding a +0 mace.
The dart slug launches a dart at you.
The slug dart hits something.
You closely miss the ball python. Something hits you!
The ball python misses you. The ball python barely misses you.
You are too injured to fight recklessly!
You are too injured to fight recklessly!
You are too injured to fight recklessly!
You are too injured to fight recklessly!
Unknown command.
You are too injured to fight recklessly!
You slash the ball python!
You kill the ball python!
Trog accepts your kill. The goblin hits you but does no damage.
Something hits you!
You die...

#........# #........#
#######........#
...............#
...........)...#
...............###
......{..........#
....>.w@..†......#
.......g.........# ###.
.#.#...###.#...### ....#
....#.. #.#.#...# ......
....... ##.#.# #.# ......
#.#.....#..#.## .##
.....###.............# ..#
......#..###...#.##.)####.#
....#....####....#......#.#


You could see a dart slug and a goblin.

Vanquished Creatures
  A gnoll (D:1)
  An adder (D:2)
  A worm (D:2)
  4 endoplasms
  4 giant cockroaches
  2 hobgoblins
  A kobold (D:1)
  A quokka (D:2)
  3 ball pythons
  2 bats (D:2)
  3 frilled lizards
  2 goblins
  4 rats (D:1)
29 creatures vanquished.

Notes
Turn   | Place    | Note
-------+----------+-------------------------------------------
     0 | D:1      | Maratek the Demonspawn Berserker began the quest for the
                  | Orb.
     0 | D:1      | Reached XP level 1. HP: 18/18 MP: 1/1
   263 | D:1      | Gained mutation: You are partially covered in yellow
                  | scales. (AC +2) [demonic ancestry]
   263 | D:1      | Reached XP level 2. HP: 4/24 MP: 2/2
   830 | D:2      | Gained mutation: You are mostly covered in yellow scales.
                  | (AC +3) [demonic ancestry]
   830 | D:2      | Reached XP level 3. HP: 29/29 MP: 3/3
   830 | D:2      | Found a faded altar of an unknown god.
   846 | D:2      | Reached ** piety under Trog
   919 | D:2      | Noticed Sigmund
  1097 | D:2      | Slain by Sigmund

Illustrated notes

Levels and vault maps discovered:
D:1:      matt_arrival_refuge, layout_loops_ring, chequers_serial_rivers_micro_b
D:2:      layout_rooms, basic_ecumenical_altar, hangedman_decor_riveting,
          feat_on_display, uniq_sigmund

Skill      XL: |  1  2 |
---------------+-------+-----
Axes           | 3 |  3.4
Dodging        | 2 |  2.0
Armour         | 2 |  2.2
Fighting       | |  3.4

Action                     || total
---------------------------++-------
  Melee: Hand axe          ||    97
         Punch             ||     1
 Armour: Animal skin       ||    11
         Scale mail        ||    48
  Dodge: Dodged            ||    50

Table legend: (Time is in decaauts)
 A = Elapsed time spent in this place.
 B = Non-inter-level travel time spent in this place.
 C = Inter-level travel time spent in this place.
 D = Time resting spent in this place.
 E = Time spent auto-exploring this place.
 F = Levels seen in this place.
 G = Mean time per level.
                   A        B        C        D        E       F      G
               +--------+--------+--------+--------+--------+-----+--------+
         Total |   1111 |   1067 |     44 |      0 |    793 |   2 |  555.5 |
       Dungeon |   1111 |   1067 |     44 |      0 |    793 |   2 |  555.5 |
               +--------+--------+--------+--------+--------+-----+--------+

Top non-repeatable levels by time:
     D:1: 871 daAuts
     D:2: 239 daAuts
